 Dungeon Crawl Stone Soup version 0.20-a0-656-g9b0dcd9 (webtiles) character file.

6652 nikopol the Cleaver (level 11, -1/68 HPs)
             Began as a Gargoyle Berserker on Feb 15, 2017.
             Was an Elder of Trog.
             Killed by divine providence
             ... invoked by an orc priest
              (12 damage)
             ... on level 9 of the Dungeon on Feb 16, 2017.
             The game lasted 00:22:46 (9749 turns).

nikopol the Cleaver (Gargoyle Berserker)            Turns: 9749, Time: 00:22:47

Health: -1/68      AC: 17    Str: 20    XL:     11   Next: 3%
Magic:  11/11      EV: 14    Int:  9    God:    Trog [****..]
Gold:   385        SH:  0    Dex: 12    Spells: 10/10 levels left

rFire    . . .     SeeInvis .   z - +0 shortbow
rCold    . . .     Gourm    .   m - +0 ring mail (curse)
rNeg     + . .     Faith    .   (shield currently unavailable)
rPois    ∞         Spirit   .   (no helmet)
rElec    +         Reflect  .   (no cloak)
rCorr    .         Harm     .   H - +1 pair of gloves
MR       .....                  s - +0 pair of boots
Stlth    +.........             (no amulet)
Regen    0.3/turn               (no ring)
MPRegen  0.2/turn               (no ring)

@: no status effects
A: negative energy resistance 1, electricity resistance, unbreathing,
petrification resistance, rot immunity, AC +7
a: Berserk, Trog's Hand, Brothers in Arms, Burn Spellbooks, Renounce Religion


You were on level 9 of the Dungeon.
You worshipped Trog.
Trog was greatly pleased with you.
You were not hungry.

You visited 1 branch of the dungeon, and saw 9 of its levels.

You collected 385 gold pieces.

Inventory:

Hand Weapons
 a - a +0 war axe
 q - a +0 hand axe
 z - a +0 shortbow (weapon)
 B - a +3 broad axe
Missiles
 f - 171 arrows (quivered)
Armour
 b - a +0 animal skin
 l - a +0 leather armour
 m - a cursed +0 ring mail (worn)
 s - a +0 pair of boots (worn)
 H - a +1 pair of gloves (worn)
Jewellery
 g - a +4 ring of strength {unknown}
 t - the ring of Izeifoumn {Wiz *Drain rPois rF+, unknown}
   (You found it on level 4 of the Dungeon)

   [ring of wizardry]

   It improves your spell success rate.
   It protects you from fire.
   It protects you from poison.
   It causes draining when unequipped.
 D - an uncursed ring of ice {unknown}
Wands
 n - a wand of paralysis (11/24)
 p - a wand of digging (15/24)
 r - a wand of flame (9/48)
 u - a wand of disintegration (16/24)
 K - a wand of confusion (14/48)
 M - a wand of flame (23/48)
Scrolls
 e - 8 scrolls of identify {unknown}
 k - 5 scrolls of remove curse {unknown}
 v - 2 scrolls of teleportation {unknown}
 x - 2 scrolls of enchant armour {unknown}
 y - 2 scrolls of enchant weapon {unknown}
 A - a scroll of amnesia {unknown}
 F - a scroll of fog {unknown}
 G - a scroll of fear {unknown}
 L - a scroll of recharging {unknown}
 O - 2 scrolls of immolation {unknown}
Potions
 d - a potion of mutation {unknown}
 h - 3 potions of invisibility {unknown}
 o - 2 potions of might {unknown}
 w - 2 potions of heal wounds {unknown}
 E - 2 potions of curing {unknown}
 I - 2 potions of ambrosia {unknown}
 N - a potion of degeneration {unknown}
Comestibles
 c - 2 bread rations
 i - 31 fruits
 j - 4 meat rations
 C - 4 royal jellies
 J - 11 chunks of flesh


   Skills:
 + Level 7.7 Fighting
 * Level 9.1 Axes
 * Level 6.8 Bows
 + Level 7.6 Armour
 + Level 6.0 Dodging


You had 10 spell levels left.
You didn't know any spells.

Dungeon Overview and Level Annotations

Branches:
Dungeon (9/15)             Temple (0/1) D:4             Orc (0/2) D:9
   Lair: D:8-11

Altars:
Ashenzari
Dithmenos
Nemelex Xobeh
Ru
Uskayaw
Vehumet
Yredelemnul
The Shining One
Beogh

Annotations:
D:9 Maurice


Innate Abilities, Weirdness & Mutations

You are resistant to torment.
Your stone body is resilient. (AC +7)
You are immune to poison.
You resist negative energy. (rN+)
You are resistant to electric shocks. (rElec)
You can survive without breathing.
You are immune to petrification.
You are immune to rotting.


Message History

You shoot an arrow.
The arrow closely misses the orc warrior.
The arrow barely misses the orc priest.
The arrow closely misses the orc.
The orc warrior throws a tomahawk.
The tomahawk closely misses you.
Firing (i - inventory):
f - 172 arrows (quivered)
Press: ? - help, Shift-Dir - straight line, f/p - orc warrior
Aim: an orc warrior, wielding a long sword and wearing a plate armour You shoot an arrow.
The arrow hits the orc warrior but does no damage.
The orc priest invokes the aid of Beogh against you.
Beogh smites you!
The orc warrior throws a tomahawk.
The tomahawk hits you!
* * * LOW HITPOINT WARNING * * *
The orc priest mumbles some strange prayers to Beogh against you.
Beogh smites you!
* * * LOW HITPOINT WARNING * * *
The orc warrior throws a tomahawk.
The tomahawk misses you.
The orc warrior throws a tomahawk.
The tomahawk misses you.
The orc priest calls down the wrath of Beogh upon you.
Beogh smites you!
You die...

#.##.# ##oo.# $. #.##.######
#o#### ######### #.##......#
#o##.########..#.....
#.#######.###o#...........##.#.##
#.## #..........######..##.#.#
...# #..###.#................#
#..#####..#..(...#######..##.###
#.........#......# #..##.#
##.######.......@# ####..##.#
##.### ###..((..####........#
.....# #...............####
.###.#########..########.## .#
#............########.#
.###.##########..........# .....#
############ ######


You could see an orc warrior and an orc priest.

Vanquished Creatures
  Erica (D:9)
  A centaur warrior (D:8)
  Pikel (D:6)
  2 hippogriffs
  A wyvern (D:9)
  6 yaks (D:9)
  A vampire mosquito (D:8)
  A hungry ghost (D:8)
  An orc warrior (D:7)
  3 sky beasts
  A hornet zombie (D:7)
  2 ice beasts
  A necrophage (D:8)
  2 ogres (D:9)
  4 centaurs
  A big kobold (D:8)
  A bullfrog (D:6)
  A wyvern skeleton (D:7)
  A water moccasin zombie (D:7)
  3 scorpions
  8 killer bees
  4 howler monkeys
  A crimson imp (D:9)
  5 hounds
  A quasit (D:6)
  A bullfrog zombie (D:8)
  A bullfrog skeleton (D:9)
  A jelly (D:9)
  8 orc wizards
  3 orc priests
  3 centaur skeletons
  Jessica (D:3)
  3 iguanas
  Natasha (thrice) (D:3)
  5 worker ants
  3 hound skeletons
  A howler monkey zombie (D:7)
  4 gnolls
  2 adders (D:6)
  2 shadow imps
  3 oozes
  An adder skeleton (D:4)
  4 worms
  4 dart slugs
  4 leopard geckos
  12 orcs
  A ball python (D:3)
  6 giant cockroaches
  10 goblins
  8 hobgoblins
  4 kobolds
  3 quokkas
  6 bats
  7 frilled lizards
  A jackal skeleton (D:8)
  2 leopard gecko zombies
  4 rats
175 creatures vanquished.

Vanquished Creatures (others)
  A slave (D:6)
  An ogre (D:6)
  3 wights (D:6)
  A worker ant (D:6)
  A howler monkey skeleton (D:6)
  A leopard gecko zombie (D:6)
8 creatures vanquished.

Grand Total: 183 creatures vanquished

Notes
Turn   | Place    | Note
-------+----------+-------------------------------------------
     0 | D:1      | nikopol the Gargoyle Berserker began the quest for the Orb.
     0 | D:1      | Reached XP level 1. HP: 14/14 MP: 1/1
   283 | D:1      | Reached XP level 2. HP: 15/19 MP: 2/2
   518 | D:1      | Reached skill level 3 in Axes
   805 | D:1      | Reached XP level 3. HP: 12/23 MP: 3/3
  1937 | D:2      | Found a basalt altar of Yredelemnul.
  1942 | D:2      | Reached XP level 4. HP: 28/28 MP: 4/4
  2215 | D:2      | Reached ** piety under Trog
  2538 | D:2      | Found a sparkling altar of Nemelex Xobeh.
  3062 | D:3      | Reached XP level 5. HP: 33/33 MP: 5/5
  3069 | D:3      | Noticed Natasha
  3076 | D:3      | Killed Natasha
  3406 | D:3      | Noticed Natasha
  3412 | D:3      | Killed Natasha
  3420 | D:3      | Reached skill level 4 in Axes
  3420 | D:3      | Reached XP level 6. HP: 37/39 MP: 6/6
  3434 | D:3      | Noticed Natasha
  3438 | D:3      | Killed Natasha
  3564 | D:3      | Noticed Jessica
  3575 | D:3      | Killed Jessica
  3889 | D:4      | Noticed an ice beast
  3899 | D:4      | Killed an ice beast
  3899 | D:4      | Reached XP level 7. HP: 18/44 MP: 7/7
  4134 | D:4      | Found a staircase to the Ecumenical Temple.
  4439 | D:4      | Reached skill level 5 in Axes
  4460 | D:4      | Got a warped amber ring
  4575 | D:4      | Found a shadowy altar of Dithmenos.
  4766 | D:5      | Entered Level 5 of the Dungeon
  4786 | D:5      | Reached *** piety under Trog
  4907 | D:5      | Found a shattered altar of Ashenzari.
  5216 | D:6      | Noticed Pikel
  5223 | D:6      | Killed Pikel
  5223 | D:6      | Reached skill level 5 in Fighting
  5223 | D:6      | Reached skill level 6 in Axes
  5223 | D:6      | Reached XP level 8. HP: 50/50 MP: 8/8
  5424 | D:6      | Reached skill level 5 in Armour
  5701 | D:6      | Found a glowing golden altar of the Shining One.
  5781 | D:6      | Reached skill level 1 in Bows
  6172 | D:7      | Reached XP level 9. HP: 26/55 MP: 9/9
  6346 | D:7      | Found a hide-covered altar of Uskayaw.
  6431 | D:7      | Noticed a hand axe
  6432 | D:7      | Noticed a hand axe
  6446 | D:7      | Reached skill level 7 in Axes
  7120 | D:8      | Found a radiant altar of Vehumet.
  7331 | D:8      | Reached skill level 5 in Dodging
  7798 | D:8      | Upgraded the game from 0.20-a0-647-gf178af5 to 0.20-a0-656-g9b0dcd9
  7903 | D:8      | Reached skill level 8 in Axes
  7903 | D:8      | Reached XP level 10. HP: 59/61 MP: 10/10
  7910 | D:8      | Noticed a centaur warrior
  7922 | D:8      | Killed a centaur warrior
  7922 | D:8      | Reached skill level 5 in Bows
  8203 | D:9      | Noticed Erica
  8229 | D:9      | Killed Erica
  8229 | D:9      | Reached **** piety under Trog
  9051 | D:9      | Found a sacrificial altar of Ru.
  9085 | D:9      | Reached skill level 9 in Axes
  9582 | D:9      | Found a staircase to the Orcish Mines.
  9591 | D:9      | Reached XP level 11. HP: 41/68 MP: 11/11
  9727 | D:9      | Found a roughly hewn altar of Beogh.
  9728 | D:9      | Noticed Maurice
  9749 | D:9      | Killed from afar by an orc priest

Vault maps used:
D:1:      evilmike_arrival_run_for_it
D:2:      nicolae_overflow_crystal_walls, old_standard_altar
D:3:      uniq_jessica, uniq_natasha
D:4:      lemuel_coloured_pillars_altar, temple_fountains
D:5:      nicolae_ashenzari_panopticon, first_bread
D:6:      marbit_many_paths, uniq_pikel
D:7:      dancing_weapons_uskayaw, serial_glass, glass_columns_b,
          glass_columns_b
D:8:      fiery_altar_vehumet, blue_anna_alchemist, minmay_three_doors
D:9:      lemuel_round_altar, minmay_orc_entry_temple_large,
          hangedman_ru_absence, uniq_maurice, uniq_erica

Skill      XL: |  1  2  3  4  5  6  7  8  9 10 |
---------------+-------------------------------+-----
Axes           | 3 4 6 8 9 |  9.1
Dodging        | 2 3 4 5 6 |  6.0
Armour         | 3 4 5 6 7 |  7.6
Fighting       | 4 5 6 7 |  7.7
Bows           | 2 4 6 |  6.8

Action                   |  1- 3 |  4- 6 |  7- 9 | 10-12 || total
-------------------------+-------+-------+-------+-------++-------
Melee: Hand axe          |   109 |   112 |       |       ||   221
       War axe           |       |    45 |   293 |   149 ||   487
 Fire: Shortbow          |       |       |    65 |    74 ||   139
Invok: Berserk           |     2 |     3 |     1 |     1 ||     7
  Eat: Chunk             |     5 |     9 |     9 |     6 ||    29
       Royal jelly       |       |       |     1 |       ||     1
       Bread ration      |       |       |     2 |       ||     2
Armor: Animal skin       |    36 |     5 |       |       ||    41
       Leather armour    |       |    12 |       |       ||    12
       Ring mail         |       |    50 |   190 |   105 ||   345
Dodge: Dodged            |    71 |   106 |   242 |   160 ||   579
